Map: Nightshade LE

Players

Gemini

  • Race: Terran Terran
  • League: Master
  • Spawn Location: 5:00

BerryRAWR - Winner!

  • Race: Terran Terran
  • League: Master
  • Spawn Location: 11:00

VOD

Have the link to the VOD?

Description

Time

  • Played on: May 25, 2020, 2:32 a.m.
  • Length: 25:21
Show
View Real Time Build Order
Export as new Build Order

Gemini Terran 

Build Orders: Banshee Rush 

Get SALT Encoding   

  12  0:00  SCV  
  13  0:12  SCV  
  14  0:17  Supply Depot  
  14  0:24  SCV  
  15  0:30  Refinery  
  15  0:39  SCV  
  16  0:45  Barracks  
  16  0:51  SCV  
  17  1:03  SCV  
  18  1:15  SCV  
  19  1:25  Refinery  
  19  1:32  Orbital Command, Marine  
  20  1:35  Factory  
  20  1:43  Bunker  
  20  1:52  Supply Depot  
  20  1:54  Marine  
  22  2:01  SCV  
  22  2:11  Marine  
  22  2:15  SCV  
  23  2:20  Hellion  
  25  2:29  SCV  
  26  2:35  Starport  
  26  2:40  Marine  
  26  2:42  SCV  
  28  2:45  Hellion  
  30  2:54  SCV  
  30  2:56  Supply Depot  
  31  2:59  Barracks Reactor  
  31  3:07  Factory Tech Lab  
  31  3:18  SCV  
  32  3:28  Cloaking Field  
  32  3:30  Supply Depot, Banshee  
  32  3:31  Factory Tech Lab  
  32  3:33  SCV  
  36  3:51  SCV  
  37  3:58  Command Center  
  37  4:01  Marine  
  38  4:05  Marine  
  39  4:16  Siege Tank  
  35  4:27  SCV  
  33  4:39  SCV  
  33  4:41  Banshee  
  37  4:51  SCV  
  38  4:55  Siege Tank  
  38  4:57  Refinery  
  41  5:01  Marine x2  
  40  5:15  Orbital Command  
  40  5:19  Marine x2  
  42  5:24  SCV  
  46  5:31  Siege Tank  
  46  5:37  Raven, Orbital Command  
  46  5:38  SCV  
  46  5:39  Marine x2  
  51  5:50  SCV  
  51  5:53  Supply Depot  
  52  5:57  Marine x2  
  52  6:02  SCV  
  55  6:08  Siege Tank  
  58  6:14  SCV x2  
  60  6:24  Raven  
  62  6:26  SCV x2  
  62  6:28  Command Center  
  64  6:33  Supply Depot  
  64  6:39  SCV x2  
  63  6:51  SCV  
  64  7:00  Marine x2  
  64  7:01  Siege Tank  
  63  7:15  Raven  
  60  7:17  SCV  
  60  7:18  SCV, Barracks  
  60  7:19  Barracks  
  60  7:21  Engineering Bay  
  57  7:27  Marine x2  
  57  7:29  SCV  
  60  7:30  SCV  
  60  7:33  Siege Tank  
  64  7:42  SCV x2  
  66  7:45  Orbital Command  
  66  7:52  Terran Infantry Weapons Level 1  
  66  7:53  Refinery  
  66  7:54  SCV x2  
  68  8:04  Stimpack  
  68  8:06  SCV x2  
  68  8:07  Barracks Reactor x2  
  68  8:08  Viking  
  72  8:15  Viking  
  72  8:18  SCV x3  
  77  8:25  Marine  
  78  8:27  Cyclone  
  78  8:30  SCV x3  
  83  8:42  SCV x3  
  83  8:43  Marine  
  87  8:54  SCV x2  
  87  8:55  SCV  
  89  8:57  Marine x4  
  93  9:06  Supply Depot x2  
  93  9:13  SCV x2, Marine  
  93  9:19  Supply Depot  
  93  9:20  Supply Depot  
  93  9:21  Viking, SCV, Marine x2, Siege Tank  
  93  9:23  Viking, Marine  
  101  9:27  SCV x2  
  101  9:30  Marine  
  104  9:31  Marine  
  103  9:43  Marine x3  
  87  9:48  Marine  
  87  9:49  Marine  
  87  9:51  Medivac  
  85  9:53  Medivac, Siege Tank  
  88  10:01  Marine x3  
  88  10:06  Marine  
  92  10:07  Marine  
  93  10:14  Combat Shield  
  93  10:16  Orbital Command, Terran Infantry Armor Level 1  
  93  10:17  Engineering Bay  
  93  10:19  Marine x3  
  93  10:20  Armory  
  93  10:25  Marine  
  94  10:34  Marine  
  94  10:35  Widow Mine  
  97  10:37  Marine x3  
  97  10:42  Viking x2, Marine  
  98  10:51  Marine  
  98  10:53  SCV x3  
  98  10:55  Marine x3  
  98  11:04  Sensor Tower  
  98  11:05  SCV x2  
  98  11:08  Marine, Siege Tank  
  98  11:09  Marine  
  105  11:12  Marine x2  
  105  11:13  Marine  
  108  11:18  Barracks  
  108  11:20  Barracks  
  108  11:22  Medivac  
  110  11:25  Marine  
  110  11:27  Marine  
  110  11:30  Marine x3  
  115  11:43  Marine  
  115  11:45  Marine  
  117  12:04  Terran Vehicle Weapons Level 1, Terran Infantry Weapons Level 2  
  117  12:06  Supply Depot  
  117  12:08  Barracks Reactor x2, Supply Depot  
  117  12:09  Supply Depot  
  117  12:10  Medivac x2, Marine x4  
  125  12:25  Command Center  
  125  12:27  Marine  
  125  12:28  Marine x4, Siege Tank  
  125  12:29  Refinery  
  133  12:30  Refinery  
  133  12:36  Sensor Tower  
  133  12:43  Medivac x2  
  137  12:45  Marine  
  137  12:46  Marine x4  
  137  12:48  Marine x4  
  140  13:00  Siege Tank  
  140  13:03  Marine  
  140  13:04  Marine x4  
  144  13:06  Marine x4  
  148  13:21  Marine  
  148  13:22  Marine x2  
  148  13:24  Marine  
  148  13:25  Marine x2  
  148  13:26  Marine x2  
  148  13:27  Marine  
  149  13:33  Terran Infantry Armor Level 2, Siege Tank  
  134  13:39  Marine  
  134  13:40  Marine x2  
  131  13:42  Marauder  
  131  13:43  Marine x3  
  131  13:44  Marine x2  
  131  13:46  SCV x3  
  135  13:55  Medivac  
  135  13:56  Medivac, Marine  
  135  13:57  Marine x2  
  135  13:58  Sensor Tower  
  135  14:00  Missile Turret  
  142  14:03  Marauder  
  144  14:14  Siege Tank  
  144  14:15  Marine x7  
  154  14:19  Supply Depot  
  154  14:20  Planetary Fortress  
  154  14:22  Factory  
  154  14:25  Marine x2  
  160  14:32  Marine x2  
  160  14:33  Marine x2  
  160  14:36  Viking x2  
  164  14:41  Marine x3  
  164  14:43  Marine  
  167  14:53  Marine x2  
  167  14:59  Marine  
  167  15:02  Marine x5  
  172  15:09  Supply Depot  
  172  15:10  Supply Depot  
  172  15:11  Supply Depot  
  172  15:13  Siege Tank  
  172  15:15  Marine x3  
  172  15:17  Marine  
  172  15:18  Terran Infantry Weapons Level 3  
  153  15:29  Marine x3  
  153  15:30  Marine  
  149  15:44  Marine x4  
  149  15:45  Siege Tank  
  151  15:53  Marine  
  151  15:55  Marine x4  
  142  16:02  Marine x2  
  131  16:09  Marine x2  
  131  16:11  Marine  
  133  16:13  Marine x3  
  133  16:17  Marine  
  133  16:18  Siege Tank  
  135  16:20  Marine x2  
  121  16:27  Orbital Command, Marine x2  
  121  16:28  Marine  
  121  16:30  Marine  
  121  16:31  Marine x2  
  114  16:34  Marine  
  114  16:38  Marine x2  
  115  16:44  Marine x2  
  115  16:46  Marine  
  118  16:48  Marine x2  
  118  16:49  Marine  
  118  16:50  Siege Tank  
  123  16:56  Marine  
  123  16:57  Marine  
  110  17:02  Marine x2  
  110  17:04  Marine  
  110  17:05  Terran Infantry Armor Level 3  
  110  17:06  Marine  
  113  17:12  Marine x2  
  113  17:13  Barracks Reactor  
  115  17:17  Marine x2  
  115  17:18  Sensor Tower  
  115  17:20  Marine x2  
  115  17:22  Orbital Command, Marine, Siege Tank  
  113  17:24  Marine  
  102  17:30  Marine x2, Siege Tank  
  102  17:35  Marine x2  
  107  17:38  Marine x2  
  107  17:40  Marine  
  107  17:41  Orbital Command  
  107  17:42  Marine  
  107  17:44  Liberator x2  
  114  17:47  Marine  
  114  17:48  Marine  
  119  17:52  Marine x2  
  119  17:53  Marine x2  
  119  17:54  Siege Tank  
  119  17:56  Marine x2  
  119  17:57  Marine  
  123  18:09  Marine x3  
  125  18:14  Marine x2  
  125  18:15  Marine x3, Siege Tank  
  131  18:20  Marine x2  
  131  18:22  Sensor Tower  
  131  18:26  Siege Tank  
  136  18:27  Marine x2  
  136  18:28  Marine  
  136  18:31  Marine x2  
  136  18:32  Marine  
  136  18:33  Marine  
  143  18:37  Refinery x2  
  143  18:38  Refinery  
  143  18:45  Marine x2  
  143  18:46  Marine x3  
  148  18:55  Marine x2  
  143  19:00  Marine x2  
  143  19:02  Marine  
  122  19:03  Marine x2  
  122  19:04  Marine x2  
  119  19:10  Marine  
  119  19:11  Siege Tank  
  119  19:12  Siege Tank  
  119  19:13  Marine x2  
  119  19:15  Liberator  
  131  19:18  Marine x2  
  131  19:20  Marine  
  131  19:21  Marine x3  
  131  19:22  Marine  
  134  19:30  Marine  
  134  19:31  Marine x2  
  113  19:36  Marine x2  
  113  19:38  Marine  
  113  19:39  Marine x3  
  113  19:40  Marine  
  116  19:48  Marine  
  116  19:49  Marine x2  
  119  19:53  Marine x2  
  119  19:56  Marine  
  119  19:57  Marine x4  
  119  19:58  Siege Tank x2  
  127  20:06  Marine x2  
  128  20:07  Marine  
  128  20:11  Marine  
  128  20:12  Marine  
  128  20:14  Marine x3  
  132  20:17  Marine x2  
  137  20:24  Marine x2  
  137  20:25  Marine  
  140  20:29  Marine  
  140  20:30  Marine, Siege Tank  
  140  20:32  Marine x2  
  145  20:36  Marine x2  
  127  20:45  Marine x4  
  125  20:52  Marine  
  125  20:53  Marine x3  
  125  20:54  Marine  
  125  20:55  Marine  
  125  20:56  Siege Tank  
  134  21:02  Siege Tank  
  134  21:03  Marine x3  
  132  21:14  Command Center, Marine x5  
  132  21:15  Marine  
  116  21:29  Medivac x2  
  116  21:31  Siege Tank  
  123  21:36  Marine x2  
  123  21:38  Marine  
  125  21:49  Marine x2  
  125  21:50  Marine  
  128  21:56  Marine x2  
  128  21:57  Siege Tank  
  133  22:02  Marine  
  133  22:05  Marine  
  133  22:10  Marine  
  132  22:16  Marine  
  131  22:25  Marine  
  127  22:35  Marine x2  
  127  22:37  Orbital Command  
  109  22:58  Marine  
Show
View Real Time Build Order
Export as new Build Order

BerryRAWR Terran - Winner!

Build Orders:  

Get SALT Encoding   

  12  0:01  SCV  
  13  0:13  SCV  
  14  0:18  Supply Depot  
  14  0:27  Refinery  
  14  0:43  Barracks  
  14  0:54  Barracks  
  14  1:02  SCV  
  15  1:15  SCV  
  16  1:30  Reaper  
  16  1:31  Orbital Command  
  17  1:41  Reaper  
  18  1:49  Refinery  
  18  1:56  Supply Depot  
  18  2:03  Reaper  
  19  2:12  SCV  
  20  2:15  Reaper  
  21  2:29  Factory  
  21  2:35  SCV  
  22  2:47  SCV  
  22  2:49  Reaper  
  22  2:50  Reaper  
  25  2:59  SCV  
  25  3:02  Supply Depot  
  26  3:11  SCV  
  27  3:21  Reaper  
  27  3:24  SCV  
  27  3:25  Factory Tech Lab  
  29  3:33  Command Center  
  29  3:36  SCV  
  30  3:44  Cyclone  
  33  3:53  Starport  
  33  3:59  SCV  
  34  4:05  Supply Depot  
  34  4:11  SCV  
  34  4:19  Cyclone  
  34  4:24  Engineering Bay  
  33  4:38  Starport Tech Lab  
  32  4:40  SCV  
  32  4:46  Orbital Command  
  32  4:50  Missile Turret  
  32  4:52  SCV  
  33  4:59  Raven  
  35  5:02  Missile Turret  
  35  5:03  Refinery  
  35  5:06  Orbital Command  
  35  5:08  SCV  
  36  5:17  Barracks Reactor, Siege Tank  
  39  5:23  SCV  
  40  5:34  SCV, Bunker  
  41  5:35  SCV  
  42  5:46  SCV  
  42  5:48  SCV  
  47  5:50  Siege Tank  
  47  5:58  SCV  
  47  6:00  Viking  
  47  6:01  Viking  
  52  6:10  SCV  
  52  6:12  Stimpack, Marine  
  52  6:17  SCV  
  54  6:22  SCV  
  55  6:29  Siege Tank  
  58  6:34  Viking  
  60  6:43  SCV x2  
  60  6:46  Supply Depot  
  62  6:48  Supply Depot  
  62  6:52  Viking, Marine  
  59  6:55  SCV  
  59  7:01  Siege Tank  
  59  7:06  Viking  
  58  7:22  Viking  
  60  7:26  Marine  
  60  7:28  Command Center  
  61  7:30  SCV x2, Engineering Bay  
  61  7:36  Viking, Refinery  
  65  7:40  Siege Tank  
  68  7:44  SCV x2, Marine  
  72  7:58  SCV  
  72  8:04  Barracks  
  72  8:05  Barracks  
  72  8:07  Marine  
  72  8:12  Viking x2  
  77  8:13  SCV  
  78  8:23  Combat Shield  
  78  8:40  SCV, Siege Tank  
  82  8:57  Marine  
  82  8:58  SCV  
  82  8:59  SCV  
  82  9:00  Barracks Reactor, Orbital Command  
  82  9:02  Terran Infantry Weapons Level 1, Barracks, Terran Infantry Armor Level 1  
  82  9:05  Barracks  
  82  9:27  Siege Tank  
  82  9:28  Barracks Reactor  
  82  9:29  Medivac  
  82  9:30  Medivac  
  82  9:46  Marine x2  
  82  9:47  Marine  
  82  9:49  SCV x2, Orbital Command  
  82  9:51  Barracks Reactor  
  87  9:54  Armory, Supply Depot  
  87  9:59  Siege Tank  
  82  10:18  Marine x4  
  82  10:19  Marine  
  82  10:20  Barracks Reactor, SCV  
  82  10:21  SCV x2  
  90  10:29  Marine x2  
  90  10:31  Siege Tank  
  90  10:32  SCV  
  90  10:34  Refinery x2  
  96  10:36  Marine x3  
  96  10:37  Marine x2  
  101  10:47  Medivac  
  101  10:48  Marine x2  
  97  10:53  Marine x2  
  97  10:54  SCV x3, Marine  
  97  10:55  Marine x2  
  97  10:56  Terran Infantry Weapons Level 2  
  93  11:00  Terran Infantry Armor Level 2  
  96  11:06  SCV, Marine x2  
  96  11:07  Marine x2  
  101  11:16  Sensor Tower  
  101  11:21  Sensor Tower  
  101  11:25  Medivac, Marine  
  101  11:27  Supply Depot  
  101  11:28  Supply Depot x2  
  101  11:29  Terran Vehicle Weapons Level 1  
  101  11:32  Marine x8  
  108  11:42  Marine  
  109  11:50  Marine x5  
  109  11:51  Marine x2, Siege Tank  
  109  11:53  Marine  
  111  12:00  Marine  
  102  12:05  SCV  
  103  12:08  Marine x5  
  103  12:09  Marine x2  
  103  12:11  Marine  
  103  12:12  Medivac x2  
  115  12:16  Supply Depot  
  115  12:18  Supply Depot, Marine  
  116  12:25  Siege Tank  
  116  12:26  Marine x5  
  124  12:31  Marine  
  125  12:44  Marine x3  
  126  12:57  Marine x2  
  126  12:58  Marine x2, Siege Tank  
  131  12:59  Marine  
  133  13:09  Marine x2  
  135  13:14  Marine  
  133  13:22  Marine x3  
  130  13:30  Siege Tank  
  101  13:34  Marine x2  
  101  13:35  Marine x2  
  101  13:36  Marine x2  
  101  13:39  Marine  
  101  13:40  Terran Infantry Weapons Level 3, Marine x2  
  99  13:41  Terran Vehicle Weapons Level 2, Terran Infantry Armor Level 3  
  99  13:44  Medivac  
  97  13:52  Medivac, Marine x2  
  97  13:53  Marine x2  
  97  13:54  Marine x2  
  103  13:57  Marine x2  
  103  13:58  Marine  
  106  14:07  Siege Tank  
  109  14:10  Marine x3  
  109  14:11  Marine x2  
  109  14:12  Marine  
  109  14:14  Medivac  
  109  14:15  Marine x3  
  120  14:22  Medivac  
  122  14:28  Marine x4  
  122  14:29  Marine  
  122  14:30  Marine  
  128  14:33  Supply Depot, Marine x3  
  128  14:34  Supply Depot  
  131  14:45  Marine  
  131  14:46  Marine x3  
  131  14:47  Marine x2  
  131  14:51  Marine x2  
  139  14:58  Siege Tank  
  140  15:00  Marine  
  140  15:03  Command Center, Marine x2  
  143  15:10  Marine  
  136  15:16  Marine  
  136  15:19  Marine  
  136  15:20  Marine  
  131  15:24  Marine x3  
  131  15:28  Marine x3  
  131  15:30  Siege Tank  
  131  15:34  Marine  
  138  15:37  Marine x2  
  138  15:41  Marine x3  
  141  15:46  Marine x3  
  141  15:48  Supply Depot x2  
  135  15:51  Marine  
  135  15:55  Marine  
  125  16:03  Siege Tank  
  121  16:05  Marine x4  
  124  16:13  Medivac, Marine x3  
  124  16:14  Marine x2  
  116  16:30  Marine  
  116  16:31  Marine x2  
  109  16:35  Siege Tank  
  109  16:37  Marine x3  
  111  16:48  Marine  
  111  16:49  Marine x5  
  116  17:00  Marine x2  
  100  17:02  Marine  
  100  17:05  SCV x2, Factory  
  100  17:06  SCV, Marine x2  
  100  17:07  Siege Tank  
  109  17:09  Marine  
  98  17:37  Terran Vehicle Weapons Level 3  
  98  17:38  Planetary Fortress  
  98  17:39  SCV  
  98  17:40  SCV x2  
  98  17:41  Marine x2  
  98  17:42  Medivac x2, Siege Tank  
  110  17:48  Marine  
  110  17:50  Marine x4  
  110  17:51  Marine x2  
  117  17:59  Marine x2  
  99  18:05  Marine  
  100  18:15  Marine x6  
  100  18:16  Marine x2  
  100  18:18  SCV x4  
  112  18:22  Siege Tank, Factory Tech Lab  
  112  18:23  Marine  
  112  18:25  Medivac  
  118  18:27  Medivac  
  118  18:30  SCV  
  118  18:32  Marine x2  
  118  18:33  Marine x3  
  126  18:38  Marine  
  126  18:39  Marine  
  128  18:42  Marine x2, Sensor Tower, Siege Tank  
  133  18:50  Marine  
  99  19:05  Marine x7  
  99  19:06  Marine  
  99  19:07  Viking x2  
  99  19:08  Marine  
  106  19:13  Siege Tank  
  106  19:16  Missile Turret  
  109  19:19  Missile Turret  
  109  19:20  Missile Turret  
  109  19:22  Marine x2  
  109  19:23  Marine x3  
  114  19:31  Marine x4  
  107  19:37  Viking  
  110  19:40  Marine x3  
  110  19:45  Marine x2, Siege Tank  
  115  19:48  Sensor Tower  
  115  19:49  Marine  
  110  19:57  Marine x2  
  109  20:01  Marine x4  
  109  20:03  Marine x2, Siege Tank  
  109  20:06  Marine  
  119  20:15  Viking, Marine x2  
  119  20:19  Marine x4  
  119  20:20  Marine x2  
  129  20:24  Marine  
  130  20:33  Marine x2  
  123  20:36  Marine  
  123  20:37  Marine  
  123  20:38  Siege Tank  
  122  20:49  Marine x3  
  109  21:06  Marine x6  
  109  21:07  Marine x2  
  117  21:17  Marine  
  100  21:23  Marine  
  100  21:24  SCV x2, Marine x4  
  107  21:30  Marine x3  
  110  21:35  Marine  
  111  21:40  Siege Tank  
  111  21:44  Marine  
  111  21:46  Marine x2  
  117  21:50  Marine x3  
  120  21:55  Marine x3  
  123  22:05  Siege Tank  
  123  22:07  Marine  
  126  22:14  Marine x2  
  126  22:15  Marine  
  125  22:16  Marine  
  111  22:37  Siege Tank  
  77  23:51  Command Center  
  76  23:56  Command Center  
Tags
 
Matchup
TvT
Race
Terran
Spawn Locations
Cross Positions
Strategy
Banshee Rush
Add a new tag
Caveats
  • Supply blocks, unpowered buildings, or Contaminate may cause inaccurate times.
  • Supply counts are checked every 10 seconds.